 Dungeon Crawl Stone Soup version 0.26-a0-663-g36e8fdb655 (webtiles) character file.

Game seed: 5841401722791068370

1355 jasper the Martial Artist (level 8, -4/58 HPs)
             Began as a Demonspawn Abyssal Knight on Oct 10, 2020.
             Was an Elder of Lugonu.
             Slain by a wight
             ... wielding a +2 great sword
              (12 damage)
             ... on level 6 of the Dungeon.
             The game lasted 00:11:28 (7852 turns).

jasper the Martial Artist (DsAK)                    Turns: 7852, Time: 00:11:29

Health: -4/58      AC:  8    Str: 12 (13) XL:     8   Next: 37%
Magic:  10/10      EV: 10    Int: 14      God:    Lugonu [****..]
Gold:   223        SH:  0    Dex: 14      Spells: 7/7 levels left

rFire    . . .     SeeInvis .     - Unarmed
rCold    . . .     Faith    .   (no shield)
rNeg     . . .     Spirit   .   h - +0 ring mail
rPois    .         Reflect  .   e - +0 hat
rElec    .         Harm     .   j - +0 cloak
rCorr    .         Rampage  .   (no gloves)
MR       .....                  (no boots)
Stlth    ..........             (no amulet)
HPRegen  0.19/turn              (no ring)
MPRegen  0.12/turn              (no ring)

@: heavily drained
A: antennae 1, beak, hooves 1, icy blue scales 1, foul stench 1, high mp 1, rot
immunity
a: Depart the Abyss, Bend Space, Banish, Corrupt, Renounce Religion


You were on level 6 of the Dungeon.
You worshipped Lugonu.
Lugonu was greatly pleased with you.
You visited 1 branch of the dungeon, and saw 6 of its levels.
You visited the Abyss 1 time.

You collected 223 gold pieces.

Inventory:

Hand Weapons
 g - a +0 hunting sling
Missiles
 d - 209 stones (quivered)
Armour
 a - a +0 leather armour
 e - a +0 hat (worn)
 f - a +0 plate armour
 h - a +0 ring mail (worn)
 j - a +0 cloak (worn)
Jewellery
 t - a cursed ring of teleportation {unknown}
Scrolls
 c - 2 scrolls of teleportation {unknown}
 i - 6 scrolls of remove curse
 k - 4 scrolls of identify {unknown}
 l - 4 scrolls of enchant armour {unknown}
 m - 2 scrolls of amnesia {unknown}
 n - 2 scrolls of magic mapping {unknown}
 q - a scroll of noise {unknown}
 u - a scroll of enchant weapon {unknown}
 x - 2 scrolls of fog {unknown}
Potions
 b - a potion of curing
 o - 2 potions of mutation
 r - a potion of brilliance
 z - a potion of flight


   Skills:
 - Level 3.0(1.7) Fighting
 - Level 1.7(0.5) Armour
 - Level 0.8(0.0) Dodging
 + Level 9.6(8.1) Unarmed Combat
 - Level 2.4(1.2) Invocations


You had 7 spell levels left.
You didn't know any spells.
Your spell library was empty.

Dungeon Overview and Level Annotations

Branches:
Dungeon (6/15)
 Temple: D:4-7

Altars:
Ashenzari
Dithmenos
Hepliaklqana
Kikubaaqudgha
Qazlal
Uskayaw
Zin

Annotations:
D:2 1 runed translucent door, Crazy Yiuf
D:4 Dowan, Duvessa
D:5 Prince Ribbit


Innate Abilities, Weirdness & Mutations

You have a pair of small antennae on your head.
You are partially covered in icy blue scales. (AC +2)
You may emit foul miasma when damaged in melee.
You are immune to rotting.
You have a beak for a mouth.
You have large cloven feet.
You have an increased reservoir of magic. (+10% MP)


Message History

You destroy the wight!
Lugonu accepts your kill. The wight closely misses you.
The wight hits you from afar with a +0 halberd.
You feel drained.
* * * LOW HITPOINT WARNING * * *
You take 8 damage, and have 16/58 hp.
The wight barely misses you. The wight hits you with a +0 spear!
* * * LOW HITPOINT WARNING * * *
You emit a cloud of foul miasma!
You take 7 damage, and have 9/58 hp.
The wight hits you with a +0 spear.
* * * LOW HITPOINT WARNING * * *
You feel drained.
There is a stone staircase leading up here.
You take 1 damage, and have 8/58 hp.
Unknown command.
The wight hits you with a +2 great sword!
You die...

##.## ###......#
#.# #.##.#.# #.# #.
#...# ##'## #.
##..# ##.(.## #.
#..# ##..(..##
#.###..#
#.......###......#
#.........###W...##
+....((...'.)W@...#
#.........#)##....#
##.......###.#W..##
##.....## ##...##
##...## ##.## ##(#
#.# #. #.# # #.#
#.#


You could see 3 wights.

Vanquished Creatures
  2 ice beasts (D:5)
  A phantom (D:5)
  An ogre (D:5)
  A centaur (D:4)
  A bullfrog (D:5)
  A scorpion (D:4)
  2 wights (D:6)
  A jelly (D:6)
  A howler monkey (D:4)
  2 hounds (D:5)
  An orc priest (D:4)
  2 orc wizards
  A gnoll shaman (D:5)
  A bullfrog skeleton (D:4)
  3 worker ants (D:5)
  A hound skeleton (D:5)
  Robin (D:2)
  8 gnolls
  12 adders
  An ufetubus (D:5)
  2 oozes
  An adder skeleton (D:4)
  4 worms
  3 dart slugs
  15 orcs
  9 giant cockroaches
  15 goblins
  15 hobgoblins
  17 jackals
  2 quokkas
  A ball python (D:2)
  7 bats
  6 frilled lizards
  5 kobolds
  6 rats
152 creatures vanquished.

Vanquished Creatures (others)
  A jackal (D:3)
  A fungus (D:2)
2 creatures vanquished.

Grand Total: 154 creatures vanquished

Notes
Turn   | Place    | Note
-------+----------+-------------------------------------------
     0 | Abyss:1  | jasper the Demonspawn Abyssal Knight began the quest for
                  | the Orb.
     0 | Abyss:1  | Reached XP level 1. HP: 18/18 MP: 2/2
    44 | Abyss:1  | Noticed a sun demon
    45 | D:1      | Escaped the Abyss
    87 | D:1      | Reached skill level 2 in Unarmed Combat
   287 | D:1      | Reached * piety under Lugonu
   296 | D:1      | Gained mutation: You are partially covered in icy blue
                  | scales. (AC +2) [demonic ancestry]
   296 | D:1      | Reached XP level 2. HP: 19/24 MP: 3/3
   816 | D:1      | Reached skill level 3 in Unarmed Combat
  1400 | D:1      | Gained mutation: You have a pair of small antennae on your
                  | head. [demonic ancestry]
  1400 | D:1      | Reached XP level 3. HP: 22/29 MP: 4/4
  1725 | D:2      | Reached skill level 4 in Unarmed Combat
  1725 | D:2      | Gained mutation: You are immune to rotting. [demonic
                  | ancestry]
  1725 | D:2      | Reached XP level 4. HP: 27/35 MP: 5/5
  1932 | D:2      | Found a runed translucent door.
  1933 | D:2      | Noticed Crazy Yiuf
  2044 | D:2      | Noticed Robin
  2048 | D:2      | Reached ** piety under Lugonu
  2248 | D:2      | Killed Robin
  2692 | D:2      | Gained mutation: You may emit foul miasma when damaged in
                  | melee. [demonic ancestry]
  2692 | D:2      | Reached XP level 5. HP: 40/41 MP: 6/6
  3065 | D:3      | Found a stormy altar of Qazlal.
  3113 | D:3      | Reached skill level 5 in Unarmed Combat
  3248 | D:3      | Reached *** piety under Lugonu
  3842 | D:3      | Reached XP level 6. HP: 25/47 MP: 7/7
  4097 | D:3      | Found a broken altar of Ashenzari.
  4284 | D:4      | Reached skill level 6 in Unarmed Combat
  4727 | D:4      | Reached **** piety under Lugonu
  4984 | D:4      | Noticed Duvessa
  4984 | D:4      | Noticed Dowan
  5017 | D:5      | Entered Level 5 of the Dungeon
  5017 | D:5      | Found a glowing silver altar of Zin.
  5017 | D:5      | Found a hide-covered altar of Uskayaw.
  5017 | D:5      | Found a shadowy altar of Dithmenos.
  5017 | D:5      | Found a hazy altar of Hepliaklqana.
  5017 | D:5      | Noticed an ice beast
  5452 | D:4      | Gained mutation: You have a beak for a mouth. [potion of
                  | mutation]
  5452 | D:4      | Gained mutation: You have large cloven feet. [potion of
                  | mutation]
  5452 | D:4      | Gained mutation: You have an increased reservoir of magic.
                  | (+10% MP) [potion of mutation]
  5858 | D:4      | Reached skill level 7 in Unarmed Combat
  5858 | D:4      | Reached XP level 7. HP: 35/52 MP: 9/9
  6327 | D:5      | Reached skill level 8 in Unarmed Combat
  7019 | D:5      | Reached XP level 8. HP: 41/58 MP: 10/10
  7141 | D:5      | Reached skill level 9 in Unarmed Combat
  7198 | D:5      | Noticed Prince Ribbit
  7590 | D:5      | Found an ancient bone altar of Kikubaaqudgha.
  7597 | D:5      | Found a stormy altar of Qazlal.
  7852 | D:6      | Slain by a wight

Illustrated notes

Levels and vault maps discovered:
D:1:      nicolae_arrival_washed_ashore, layout_basic
D:2:      layout_rooms, st_stairs_7, uniq_crazy_yiuf_cottage, uniq_robin
D:3:      layout_loops_ring, lemuel_coloured_pillars_altar,
          kennysheep_pointless_box, grunt_qazlal_clouds
D:4:      layout_loops_corners, minmay_temple_entry_butterflies, uniq_duvessa
D:5:      layout_rooms, nicolae_overflow_hidden_temple,
          grunt_temple_overflow_open, uniq_prince_ribbit1
D:6:      layout_loops_corners, old_standard_altar, uniq_sigmund, uniq_pikel,
          uniq_menkaure

Skill      XL: |  1  2  3  4  5  6  7  8 |
---------------+-------------------------+-----
Unarmed Combat | 2 3 4 5 7 8 9 |  9.6
Fighting       | |  3.0
Armour         | |  1.7
Dodging        | |  0.8
Invocations    | |  2.4

Action                   |  1- 3 |  4- 6 |  7- 9 || total
-------------------------+-------+-------+-------++-------
Melee: Unarmed           |   156 |   399 |   178 ||   733
       Punch             |       |    11 |     7 ||    18
       Kick              |       |     4 |    30 ||    34
       Peck              |       |     1 |    21 ||    22
Throw: Stone             |     8 |    16 |     7 ||    31
Invok: Depart the Abyss  |     1 |       |       ||     1
  Use: Potion            |       |     7 |     3 ||    10
       Scroll            |       |       |     1 ||     1
Armor: Leather armour    |    21 |       |       ||    21
       Ring mail         |    64 |   156 |    72 ||   292
       Skin              |       |       |     1 ||     1
Dodge: Dodged            |    93 |   214 |    98 ||   405

Table legend: (Time is in decaauts)
 A = Elapsed time spent in this place.
 B = Non-inter-level travel time spent in this place.
 C = Inter-level travel time spent in this place.
 D = Time resting spent in this place.
 E = Time spent auto-exploring this place.
 F = Levels seen in this place.
 G = Mean time per level.
                   A        B        C        D        E       F      G
               +--------+--------+--------+--------+--------+-----+--------+
         Total |   7777 |   7402 |    375 |   2349 |   3542 |   7 | 1111.0 |
       Dungeon |   7732 |   7357 |    375 |   2349 |   3508 |   6 | 1288.7 |
         Abyss |     45 |     45 |      0 |      0 |     34 |   1 |   45.0 |
               +--------+--------+--------+--------+--------+-----+--------+

Top non-repeatable levels by time:
     D:1: 1836 daAuts
     D:3: 1808 daAuts
     D:4: 1623 daAuts
     D:5: 1316 daAuts
     D:2: 1070 daAuts
     D:6: 77 daAuts
 Abyss:1: 45 daAuts
